 Dungeon Crawl Stone Soup version 0.14-a0-1546-g4b4961f (webtiles) character file.

301 veg the Ruinous (level 4, -9/24 HPs)
             Began as a Deep Elf Conjurer on Dec 18, 2013.
             Was a Follower of Vehumet.
             Mangled by bronies4ever's ghost (11 damage)
             ... in a sewer.
             The game lasted 00:06:28 (2916 turns).

veg the Ruinous (Deep Elf Conjurer)                 Turns: 2916, Time: 00:06:28

HP  -9/24        AC  5     Str  6      XL: 4   Next: 94%
MP   2/17        EV 13     Int 20      God: Vehumet [*.....]
Gold 168         SH  0     Dex 15      Spells:  4 memorised,  2 levels left

rFire  + . .     SeeInvis .     (no weapon)
rCold  x . .     Clarity  .     s - +2 elf robe
rNeg   . . .     Conserve .     (no shield)
rPois  .         rCorr    .     (no helmet)
rElec  .         rRot     .     (no cloak)
SustAb . .       Spirit   .     t - +0 pair of gloves
rMut   .         Warding  .     (no boots)
Saprov . . .     Stasis   .     (no amulet)
                                p - ring of fire
                                y - ring of sustenance {unknown}

@: slightly resistant to hostile enchantments, fairly stealthy
A: no striking features
a: Renounce Religion


You were in a sewer.
You worshipped Vehumet.
Vehumet was aware of your devotion.
You were very hungry.

You visited 1 branch of the dungeon, and saw 3 of its levels.
You also visited: Sewer.

You collected 168 gold pieces.

Inventory:

Armour
 s - a +2 elven robe (worn)
 t - a +0 pair of gloves (worn)
Magical devices
 w - a wand of random effects (7)
Comestibles
 b - 3 bread rations
 j - 2 meat rations
 q - 2 apples
 A - a choko
Scrolls
 d - a scroll of curse weapon {unknown}
 e - 2 scrolls of noise {unknown}
 g - 3 scrolls of identify {unknown}
 i - a scroll of amnesia {unknown}
 k - a scroll of magic mapping {unknown}
 l - 3 scrolls of fear {unknown}
 m - 3 scrolls of remove curse {unknown}
 n - 2 scrolls of enchant weapon II {unknown}
 o - a scroll of fog {unknown}
 u - 2 scrolls of random uselessness {unknown}
 B - 2 scrolls of teleportation {unknown}
Jewellery
 h - an uncursed amulet of resist corrosion {unknown}
 p - a ring of fire (right hand)
 y - a ring of sustenance (left hand) {unknown}
Potions
 f - 2 potions of heal wounds {unknown}
 r - 2 potions of poison {unknown}
 v - a potion of agility {unknown}
 z - a potion of blood
Books
 c - a book of Conjurations

   Spells                             Type                      Level
   *Magic Dart                        Conjuration                  1
   Searing Ray                        Conjuration                  2
   Dazzling Spray                     Conjuration/Hexes            3
   *Iskenderun's Mystic Blast         Conjuration                  4
   *Iskenderun's Battlesphere         Conjuration/Charms           4
   Fulminant Prism                    Conjuration/Hexes            5


   Skills:
 - Level 2.4 Dodging
 - Level 2.4 Stealth
 - Level 5.3 Spellcasting
 - Level 5.8 Conjurations
 + Level 0.0 Fire Magic


You had 2 spell levels left.
You knew the following spells:

 Your Spells              Type           Power        Failure   Level  Hunger
a - Magic Dart            Conj           ####         1%          1    None
b - Throw Flame           Conj/Fire      ####..       6%          2    None
c - Iskenderun's Mystic   Conj           ####....     12%         4    ####...
z - Iskenderun's Battles  Conj/Chrm      ###.....     38%         4    ####...


Dungeon Overview and Level Annotations

Branches:
Dungeon (3/16)

Altars:
Vehumet

Annotations:
Sewer bronies4ever's ghost, experienced FoFi


Message History

Confirm with . or Enter, or press ? or * to list all spells.
Aiming: Throw Flame
Press: ? - help, Shift-Dir - straight line, f/p - bronies4ever's ghost
Aim: bronies4ever's ghost (severely damaged)
You feel a surge of power!
The puff of flame hits bronies4ever's ghost.
Bronies4ever's ghost appears unharmed.
Bronies4ever's ghost is severely damaged.
Bronies4ever's ghost is engulfed in a cloud of scalding steam.
Bronies4ever's ghost closely misses you.
You enter the shallow water.
Moving in this stuff is going to be slow.
Bronies4ever's ghost hits you!
Ouch! That really hurt!
Bronies4ever's ghost hits you!
* * * LOW HITPOINT WARNING * * *
Drink which item? (? for menu, Esc to quit)
You feel refreshed.
It was a potion of restore abilities.
Bronies4ever's ghost hits you!
You die...

#### #..####
#..##≈# #..##≈#
##.###≈# #####
#...##≈## ###.≈...
#...#@≈.#
###.......
#....(p.#
###..≈.≈####
#....)≈.###....≈###
#####)≈≈§..≈...##
#.....≈.###...≈.#
#.∩...≈.# ###..≈≈.#
#.∩.#.≈.# ###.≈...
#...##≈## ##.≈
######≈# #


You could see bronies4ever's ghost.

Vanquished Creatures
  Ijyb (D:1)
  2 adders (D:2)
  2 giant mites (D:3)
  A worm (D:2)
  A grey rat (D:3)
  2 giant geckos (D:3)
  5 orcs (D:3)
  5 giant cockroaches
  4 goblins
  7 hobgoblins
  6 jackals
  A ball python (D:2)
  8 bats
  3 giant newts
  11 kobolds
  14 rats
73 creatures vanquished.

Notes
Turn   | Place    | Note
--------------------------------------------------------------
     0 | D:1      | veg, the Deep Elf Conjurer, began the quest for the Orb.
     0 | D:1      | Reached XP level 1. HP: 10/10 MP: 5/5
   253 | D:1      | Reached XP level 2. HP: 7/15 MP: 0/8
   878 | D:2      | Found a radiant altar of Vehumet.
   901 | D:2      | Became a worshipper of Vehumet
   913 | D:2      | Reached skill level 5 in Conjurations
  1097 | D:2      | Reached XP level 3. HP: 19/19 MP: 4/11
  1222 | D:2      | Noticed Ijyb
  1294 | D:1      | Killed Ijyb
  1690 | D:2      | Reached XP level 4. HP: 24/24 MP: 10/15
  1974 | D:3      | Acquired Vehumet's first power
  1974 | D:3      | Offered knowledge of Sting by Vehumet.
  2312 | D:3      | Reached skill level 5 in Spellcasting
  2719 | D:3      | Found a glowing drain.
  2731 | Sewer    | Entered a sewer
  2813 | Sewer    | Offered knowledge of Throw Flame by Vehumet.
  2817 | Sewer    | Learned a level 2 spell: Throw Flame
  2855 | Sewer    | Learned a level 4 spell: Iskenderun's Mystic Blast
  2860 | Sewer    | Learned a level 4 spell: Iskenderun's Battlesphere
  2896 | Sewer    | Noticed bronies4ever's ghost (experienced FoFi)
  2916 | Sewer    | Mangled by bronies4ever's ghost

Action                   |  1- 3 |  4- 6 || total
-------------------------+-------+-------++-------
Melee: Unarmed           |     2 |       ||     2
 Cast: Magic Dart        |    78 |    85 ||   163
       Throw Flame       |       |     5 ||     5
       Iskenderun's Myst |       |     2 ||     2
Evoke: Wand              |       |     1 ||     1
  Use: Potion            |       |     1 ||     1
